AoeStats
← 只会打步弓

Arabia

507534308Analyzed
1v1 RM · 13d ago on Sep 18, 2026· 51m 7s· 2 players
Game mode
Random Map
Map size
Tiny (2 player)
Population
200
Speed
Normal
Resources
Standard
Victory
Conquest
Starting age
Dark Age
Ending age
Imperial Age
RankedLock teamsTeams togetherTeam positionsShared explorationLock speedFull tech treeHidden civsTurbo modeCheats
Victory
Defeat
🇺🇸 Romans · United States
1943
+13
🇨🇳 Magyars · China
1873
-13
只会打步弓
6:11 Loom
8:50 Feudal Age
9:35 Double-Bit Axe
19:30 Castle Age
18:13 Fletching
18:18 Gold Mining
19:58 Bloodlines
19:57 Fletching
20:27 Husbandry
20:44 Bodkin Arrow
22:17 Padded Archer Armor
22:59 Ballistics
23:35 Leather Archer Armor
26:29 Gold Shaft Mining
26:09 Bow Saw
33:01 Wheelbarrow
36:00 Town Watch
46:56 Imperial Age
45:07 Corvinian Army
45:13 Scale Barding Armor
46:45 Chain Barding Armor
48:08 Bracer
49:43 Thumb Ring
Mycroft
6:20 Loom
8:51 Feudal Age
9:28 Double-Bit Axe
9:36 Horse Collar
16:17 Wheelbarrow
15:45 Fletching
20:19 Castle Age
20:21 Crossbowman
20:57 Bodkin Arrow
21:13 Bow Saw
22:29 Ballistics
23:31 Town Watch
24:41 Heavy Plow
25:25 Padded Archer Armor
25:39 Elite Skirmisher
27:36 Gold Mining
28:06 Leather Archer Armor
30:51 Scale Barding Armor
33:13 Chain Barding Armor
33:34 Gold Shaft Mining
33:12 Husbandry
34:12 Bloodlines
34:47 Forging
36:53 Iron Casting
44:15 Imperial Age
41:54 Stone Mining
43:42 Hand Cart
45:30 Ring Archer Armor
45:36 Ring Archer Armor
44:35 Cavalier
47:01 Chemistry
46:56 Plate Barding Armor
48:07 Siege Engineers
49:34 Blast Furnace
49:08 Conscription
50:31 Guilds
Connection lost

Rejoining the realm…

Still unreachable

The connection could not be restored.

Session expired

The server has moved on; the page needs a fresh start.